 Dungeon Crawl Stone Soup version 0.18.1-48-g4cf74bf (webtiles) character file.

503 boogeech the Slasher (level 6, -4/43 HPs)
             Began as a High Elf Gladiator on June 28, 2016.
             Slain by an ogre
             ... wielding a cursed -2 giant spiked club
              (23 damage)
             ... on level 4 of the Dungeon.
             The game lasted 00:16:38 (3570 turns).

boogeech the Slasher (High Elf Gladiator)           Turns: 3570, Time: 00:16:40

Health: -4/43      AC:  5    Str: 15    XL:     6   Next: 96%
Magic:  10/10      EV: 14    Int: 12    God:
Gold:   178        SH:  0    Dex: 17    Spells: 0 memorised, 9 levels left

rFire  . . .     SeeInvis .     a - +0 long sword
rCold  . . .     Gourm    .     b - +0 leather armour
rNeg   . . .     Faith    .     (no shield)
rPois  .         Spirit   .     c - +0 helmet
rElec  .         Dismiss  .     (no cloak)
rCorr  .         Reflect  .     k - +0 pair of gloves
SustAt .         Harm     .     (no boots)
MR     .....                    l - amulet of regeneration
Stlth  ++........               (no ring)
                                (no ring)

@: not resistant to hostile enchantments, unstealthy
A: no striking features
a: no special abilities


You were on level 4 of the Dungeon.
You were hungry.

You visited 1 branch of the dungeon, and saw 4 of its levels.

You collected 178 gold pieces.

Inventory:

Hand Weapons
 a - a +0 long sword (weapon)
 i - a +3 short sword
Missiles
 r - 71 stones (quivered)
Armour
 b - a +0 leather armour (worn)
 c - a +0 helmet (worn)
 k - a +0 pair of gloves (worn)
Jewellery
 l - an amulet of regeneration (around neck)
Scrolls
 e - 3 scrolls of remove curse
 g - 2 scrolls of teleportation
 h - a scroll of enchant weapon {unknown}
 m - a scroll of identify
 o - a scroll of fog
 u - a scroll of enchant armour {unknown}
Comestibles
 f - 2 bread rations
 p - a beef jerky
 q - a slice of pizza
 s - 2 meat rations


   Skills:
 * Level 3.8 Fighting
 * Level 5.6 Long Blades
 - Level 2.0 Throwing
 + Level 2.0 Armour
 * Level 4.6 Dodging
 + Level 2.8 Stealth
 + Level 2.4 Spellcasting


You had 9 spell levels left.
You didn't know any spells.

Dungeon Overview and Level Annotations

Branches:
Dungeon (4/15)
 Temple: D:4-7

Altars:
Elyvilon
Gozag
Qazlal
Sif Muna
Xom

Annotations:
D:3 Sigmund


Message History

You hit the ogre.
The ogre is heavily wounded.
The ogre barely misses you.
You slash the ogre!
The ogre is severely wounded.
The ogre misses you.
You hit the ogre but do no damage.
The ogre is severely wounded.
You hit the ogre but do no damage.
The ogre is severely wounded.
The ogre closely misses you.
You hit the ogre.
The ogre is almost dead.
The ogre hits you with a giant spiked club!!
Ouch! That really hurt!
You hit the ogre but do no damage.
The ogre is almost dead.
The ogre hits you with a giant spiked club!!
Ouch! That really hurt!
You die...

#.........#####
#..............
#.........#####
#.........#
#.........#
#.........#####
##.........#....
###<...........###
#@O.....#.....##
#####.##......#####
#.....######### #####
#.....# ##≈≈§≈
#....#### #≈§≈..
#.......#########≈.≈.≈
#....##.)<)[.......≈_≈
#################≈..§§
#≈≈≈≈≈


You could see an ogre.

Vanquished Creatures
  Duvessa (D:4)
  An ogre (D:4)
  Dowan (D:4)
  An orc wizard (D:4)
  Ijyb (D:3)
  2 iguanas (D:4)
  A worker ant (D:4)
  6 adders
  2 worms
  2 dart slugs
  4 giant geckos
  5 orcs (D:4)
  6 bats
  2 giant cockroaches
  8 hobgoblins
  2 jackals (D:3)
  2 quokkas (D:3)
  2 ball pythons
  2 giant newts
  6 goblins
  8 kobolds
  9 rats
74 creatures vanquished.

Vanquished Creatures (others)
  A hound (D:4)
1 creature vanquished.

Grand Total: 75 creatures vanquished

Notes
Turn   | Place    | Note
--------------------------------------------------------------
     0 | D:1      | boogeech the High Elf Gladiator began the quest for the Orb.
     0 | D:1      | Reached XP level 1. HP: 14/14 MP: 2/2
   563 | D:1      | Reached XP level 2. HP: 17/19 MP: 3/3
  1050 | D:1      | Reached skill level 1 in Spellcasting
  1133 | D:1      | Found a deep blue altar of Sif Muna.
  1167 | D:1      | Reached skill level 4 in Long Blades
  1268 | D:2      | Reached XP level 3. HP: 21/25 MP: 5/5
  1670 | D:2      | Reached skill level 1 in Stealth
  2167 | D:3      | Reached XP level 4. HP: 30/30 MP: 6/6
  2207 | D:3      | Noticed Sigmund
  2447 | D:3      | Reached skill level 1 in Armour
  2522 | D:3      | Noticed Ijyb
  2539 | D:3      | Killed Ijyb
  2927 | D:3      | Found a white marble altar of Elyvilon.
  2954 | D:3      | Reached XP level 5. HP: 12/36 MP: 8/8
  3021 | D:3      | Found a stormy altar of Qazlal.
  3025 | D:3      | Found an opulent altar of Gozag.
  3242 | D:4      | Found a shimmering altar of Xom.
  3242 | D:4      | Noticed an ogre
  3259 | D:4      | Killed an ogre
  3259 | D:4      | Reached skill level 5 in Long Blades
  3314 | D:4      | Reached XP level 6. HP: 5/42 MP: 10/10
  3472 | D:4      | Noticed Duvessa
  3474 | D:4      | Noticed Dowan
  3484 | D:4      | Killed Duvessa
  3491 | D:4      | Killed Dowan
  3570 | D:4      | Slain by an ogre

Skill      XL: |  1  2  3  4  5  6 |
---------------+-------------------+-----
Spellcasting   | 1 2 |  2.4
Long Blades    | 4 5 |  5.6
Stealth        | 1 2 |  2.8
Armour         | 1 2 |  2.0
Fighting       | 3 |  3.8
Dodging        | 4 |  4.6
Throwing       | |  2.0

Action                   |  1- 3 |  4- 6 || total
-------------------------+-------+-------++-------
Melee: Long sword        |   127 |   169 ||   296
Throw: Throwing net      |       |     4 ||     4
  Use: Scroll            |       |     6 ||     6
       Potion            |       |     5 ||     5
 Stab: Sleeping          |     1 |       ||     1
       Distracted        |     1 |     1 ||     2
       Held in net/web   |       |     2 ||     2
  Eat: Chunk             |     4 |     5 ||     9
Armor: Leather armour    |    32 |    36 ||    68
Dodge: Dodged            |    89 |   151 ||   240
